 Dungeon Crawl Stone Soup version 0.25.1-2-g60ff931df9 (webtiles) character file.

Game seed: 10821928465150463278

1012 graki42 the Thaumaturge (level 8, -6/42 HPs)
             Began as a Deep Elf Necromancer on Aug 3, 2020.
             Mangled by an ogre
             ... wielding a +0 giant club
              (19 damage)
             ... on level 5 of the Dungeon.
             The game lasted 00:25:30 (7560 turns).

graki42 the Thaumaturge (Deep Elf Necromancer)      Turns: 7560, Time: 00:25:31

Health: -6/42      AC:  5    Str:  7    XL:     8   Next: 1%
Magic:  13/23      EV: 14    Int: 21    God:
Gold:   233        SH:  0    Dex: 15    Spells: 11/25 levels left

rFire    x . .     SeeInvis .   w - +1 dagger (drain)
rCold    + . .     Gourm    .   (no shield)
rNeg     . . .     Faith    .   a - +1 robe
rPois    .         Spirit   .   (no helmet)
rElec    .         Reflect  .   (no cloak)
rCorr    .         Harm     .   (no gloves)
MR       .....     Rnd*Tele +   p - +1 pair of boots
Stlth    ++........             (no amulet)
HPRegen  0.14/turn              y - ring of teleportation (curse)
MPRegen  0.18/turn              s - ring of ice

@: no status effects
A: no striking features
a: no special abilities


You were on level 5 of the Dungeon.
You were not hungry.

You visited 1 branch of the dungeon, and saw 6 of its levels.

You collected 233 gold pieces.

Inventory:

Hand Weapons
 h - a +0 dagger
 i - a +0 vorpal glaive
 w - a +1 dagger of draining (weapon)
Missiles
 r - 17 poisoned darts (quivered)
Armour
 a - a +1 robe (worn)
 p - a +1 pair of boots (worn)
Jewellery
 s - a ring of ice (right hand)
 y - a cursed ring of teleportation (left hand)
Wands
 x - a wand of acid (7)
Scrolls
 b - 2 scrolls of identify
 f - 4 scrolls of teleportation
 n - a scroll of fog
Potions
 d - 2 potions of ambrosia {unknown}
 e - 2 potions of heal wounds
 g - a potion of stabbing
 j - a potion of flight
 k - a potion of invisibility {unknown}
 m - a potion of might
 q - a potion of curing {unknown}
Comestibles
 c - 5 rations


   Skills:
 + Level 0.4 Fighting
 + Level 1.2 Short Blades
 + Level 3.6 Dodging
 + Level 3.0 Stealth
 + Level 9.0 Spellcasting
 + Level 8.4 Necromancy


You had 11 spell levels left.
You knew the following spells:

 Your Spells              Type           Power        Failure   Level  Hunger
a - Pain                  Necr           ####         1%          1    None
b - Animate Skeleton      Necr           N/A          1%          1    None
c - Vampiric Draining     Necr           #####.....   1%          3    None
d - Animate Dead          Necr           N/A          2%          4    ##.....
e - Agony                 Necr           #####...     6%          5    #####..

Your spell library contained the following spells:

 Spells                   Type           Power        Failure   Level  Hunger


Dungeon Overview and Level Annotations

Branches:
Dungeon (6/15)
 Temple: D:4-7

Altars:
Ashenzari
Elyvilon
Fedhas
Hepliaklqana
Qazlal
Trog
Uskayaw
Wu Jian
Yredelemnul
Zin
The Shining One

Annotations:
D:5 Menkaure


Message History

Aim: an ogre, wielding a +0 giant club (lightly wounded)
The ogre is moderately wounded.
You feel life coursing into your body. The ogre misses you.
Casting: Vampiric Draining (safe; 1% risk of failure)
Confirm with . or Enter, or press ? or * to list all spells.
Aiming: Vampiric Draining (safe; 1% risk of failure)
Press: ? - help, Shift-Dir - straight line, f/p - ogre
Aim: an ogre, wielding a +0 giant club (moderately wounded)
The ogre is almost dead.
You feel life coursing into your body! The ogre completely misses you.
The ogre hits you with a +0 giant club!!
* * * LOW HITPOINT WARNING * * *
Casting: Vampiric Draining (safe; 1% risk of failure)
Confirm with . or Enter, or press ? or * to list all spells.
Aiming: Pain (safe; 1% risk of failure)
Press: ? - help, Shift-Dir - straight line, f/p - ogre
Aim: an ogre, wielding a +0 giant club (almost dead, chance to defeat MR: 84%)
The ogre barely resists.
The ogre hits you with a +0 giant club!!
You die...

####....[........###.###...#..###
.......#..###.....#.......##....#
.#....#....#..###....##...###..##
##.#..#...##..# #.....#....).....
......##.###..###=........###.<..
#.........##...###........#......
#.............###..#.............
.#............##..##....(.......#
.#..............@O..........##.##
.....#...).###.##..>...#..#
...###..#####..##........## ...
#..#.#.....#....#....# ..
.Z.....^.........#....# .......
....#.....#.......)...###
............##..###.........###
.......w...................##
....$......................#


You could see an ogre and a worker ant zombie.

Vanquished Creatures
  Prince Ribbit (D:5)
  Sigmund (D:3)
  An ice beast (D:5)
  A sky beast (D:4)
  An ogre (D:5)
  A bullfrog (D:6)
  A scorpion (D:4)
  A centaur skeleton (D:4)
  2 hounds
  A worker ant (D:5)
  6 adders
  4 gnolls (D:2)
  An adder skeleton (D:4)
  2 worms
  3 dart slugs
  A leopard gecko (D:4)
  5 orcs
  10 bats
  3 giant cockroaches
  6 goblins
  A hobgoblin (D:2)
  7 jackals
  2 quokkas
  A ball python (D:1)
  5 frilled lizards
  A giant cockroach zombie (D:5)
  10 kobolds
  A quokka skeleton (D:4)
  8 rats
88 creatures vanquished.

Vanquished Creatures (collateral kills)
  An adder skeleton (D:4)
  A leopard gecko (D:6)
  A jackal skeleton (D:6)
3 creatures vanquished.

Grand Total: 91 creatures vanquished

Notes
Turn   | Place    | Note
-------+----------+-------------------------------------------
     0 | D:1      | graki42 the Deep Elf Necromancer began the quest for the
                  | Orb.
     0 | D:1      | Reached XP level 1. HP: 10/10 MP: 6/6
    74 | D:1      | Reached skill level 5 in Necromancy
   373 | D:1      | Reached XP level 2. HP: 9/15 MP: 1/8
   853 | D:1      | Learned a level 1 spell: Animate Skeleton
  1217 | D:2      | Reached XP level 3. HP: 18/19 MP: 7/10
  1264 | D:2      | Learned a level 3 spell: Vampiric Draining
  1311 | D:2      | Reached skill level 4 in Spellcasting
  1743 | D:2      | Reached XP level 4. HP: 22/24 MP: 9/12
  1749 | D:2      | Learned a level 4 spell: Animate Dead
  1780 | D:2      | Found a stormy altar of Qazlal.
  2456 | D:2      | Found a white marble altar of Elyvilon.
  2478 | D:2      | Reached skill level 5 in Spellcasting
  3224 | D:3      | Found a hide-covered altar of Uskayaw.
  3224 | D:3      | Found an ornate altar of the Wu Jian Council.
  3225 | D:3      | Found a glowing silver altar of Zin.
  3250 | D:3      | Noticed Sigmund
  3255 | D:3      | Killed Sigmund
  3255 | D:3      | Reached skill level 6 in Spellcasting
  3255 | D:3      | Reached XP level 5. HP: 24/28 MP: 8/15
  3255 | D:3      | Reached XP level 6. HP: 27/32 MP: 9/17
  4084 | D:4      | Found a bloodstained altar of Trog.
  4369 | D:4      | Found a basalt altar of Yredelemnul.
  4501 | D:4      | Reached skill level 7 in Spellcasting
  5115 | D:4      | Found a glowing golden altar of the Shining One.
  5131 | D:4      | Noticed an angel
  5154 | D:5      | Entered Level 5 of the Dungeon
  5316 | D:5      | Noticed Menkaure
  5506 | D:5      | Found a shattered altar of Ashenzari.
  5506 | D:5      | Noticed a sky beast
  5519 | D:4      | Killed a sky beast
  5783 | D:4      | Reached XP level 7. HP: 26/36 MP: 17/20
  5996 | D:5      | Learned a level 5 spell: Agony
  6032 | D:5      | Reached skill level 8 in Spellcasting
  6056 | D:5      | Found a blossoming altar of Fedhas.
  6345 | D:5      | Found a stormy altar of Qazlal.
  6745 | D:5      | Found a hazy altar of Hepliaklqana.
  7276 | D:5      | Noticed Prince Ribbit
  7284 | D:5      | Killed Prince Ribbit
  7284 | D:5      | Reached skill level 1 in Short Blades
  7284 | D:5      | Reached skill level 9 in Spellcasting
  7284 | D:5      | Reached XP level 8. HP: 20/42 MP: 10/23
  7560 | D:5      | Mangled by an ogre

Illustrated notes

Levels and vault maps discovered:
D:1:      lemuel_arrival_cross, layout_basic
D:2:      layout_basic, nicolae_overflow_hidden_temple, grunt_qazlal_sundering
D:3:      layout_basic, gammafunk_temple_overflow_claw,
          corexii_leaking_fountain, uniq_sigmund
D:4:      layout_rooms, grunt_temple_overflow_holy_war, kennysheep_mini
D:5:      layout_cave_pools, grunt_temple_overflow_forces_of_nature,
          old_standard_altar, first_ration, nicolae_sextant,
          cheibrodos_ashenzari_chains, uniq_prince_ribbit1, uniq_menkaure
D:6:      layout_loops_ring, minmay_bent, uniq_crazy_yiuf_cottage

Skill      XL: |  1  2  3  4  5  6  7 |
---------------+----------------------+-----
Necromancy     | 5 6 7 8 |  8.4
Spellcasting   | 4 6 7 9 |  9.0
Dodging        | 3 |  3.6
Short Blades   | 1 |  1.2
Stealth        | 3 |  3.0
Fighting       | |  0.4

Action                   |  1- 3 |  4- 6 |  7- 9 || total
-------------------------+-------+-------+-------++-------
Melee: Dagger            |       |    45 |    50 ||    95
Throw: Dart              |       |     1 |       ||     1
 Cast: Pain              |    55 |    92 |    45 ||   192
       Animate Skeleton  |     3 |     5 |     1 ||     9
       Vampiric Draining |     1 |       |     8 ||     9
       Animate Dead      |       |     1 |     2 ||     3
  Use: Potion            |     3 |       |     1 ||     4
       Scroll            |     3 |     4 |     7 ||    14
  Eat: Chunk             |     2 |     8 |     4 ||    14
       Ration            |       |     1 |     1 ||     2
Armor: Robe              |     4 |    25 |    14 ||    43
Dodge: Dodged            |     9 |    48 |    44 ||   101
